 Dungeon Crawl Stone Soup version 0.28-a0-697-g47f3eba078 (webtiles) character file.

Game seed: 11030698168430587764

340024 jasper the Marksdemonspawn (level 21, -11/168 HPs)
             Began as a Demonspawn Artificer on Oct 23, 2021.
             Was the Champion of Makhleb.
             Mangled by a yaktaur captain (24 damage)
             ... on level 3 of the Vaults.
             The game lasted 01:54:01 (59126 turns).

jasper the Marksdemonspawn (Demonspawn Artificer)  Turns: 59126, Time: 01:54:01

Health: -11/168    AC: 39    Str: 19    XL:     21   Next: 6%
Magic:  30/30      EV: 28    Int: 24    God:    Makhleb [******]
Gold:   1508       SH:  0    Dex: 31    Spells: 5/24 levels left

rFire   + . .      SeeInvis .   K - +7 longbow (vorpal)
rCold   . . .      Faith    .   (shield currently unavailable)
rNeg    . . .      Spirit   .   g - +6 acid dragon scales
rPois   +          Reflect  .   (helmet unavailable)
rElec   .          Harm     .   B - +2 cloak "Dorcher" {*Corrode +Blink rPois Dex+7}
rCorr   +          Rampage  +   V - +2 pair of gloves
Will    +....                   y - +2 pair of boots {rampage}
Stlth   ++........              v - amulet "Weinwint" {Acrobat rC+ Will- Str+2 Int+5}
HPRegen 0.38/turn               a - ring "Qissey" {Will+ Dex+6}
MPRegen 0.22/turn               x - ring of the Good {Fire Int+5 Slay+3}

@: mighty, sanguine armoured, studying Dodging
A: horns 3, ignite blood 2, powered by pain 3, augmentation 1, sanguine armour 3
}: 2/15 runes: decaying, gossamer
a: Renounce Religion, Evoke Blink, Minor Destruction, Lesser Servant of Makhleb,
Major Destruction, Greater Servant of Makhleb


You were on level 3 of the Vaults.
You worshipped Makhleb.
Makhleb was exalted by your worship.
You visited 7 branches of the dungeon, and saw 37 of its levels.
You also visited: Sewer, Ossuary, Gauntlet, Volcano and Desolation.

You collected 5184 gold pieces.
You spent 3676 gold pieces at shops.

Inventory:

Hand Weapons
 b - the +8 whip "Snakebite" {venom, curare, rPois}
   (You took it off a deep elf archer on level 3 of the Elven Halls)

   It poisons the flesh of those it strikes.
   It occasionally inflicts asphyxiating poison on those it strikes, dealing
   poison damage and causing slowness.
   rPois:     It protects you from poison.
 K - a +7 vorpal longbow (weapon)
Missiles
 u - 797 arrows (quivered ammo)
Armour
 g - +6 acid dragon scales (worn)
 y - a +2 pair of boots of rampaging (worn)
 B - the +2 cloak "Dorcher" (worn) {*Corrode +Blink rPois Dex+7}
   (You found it on level 5 of the Dungeon)

   Dex:       It affects your dexterity (+7).
   rPois:     It protects you from poison.
   +Blink:    It lets you blink.
   *Corrode:  It may corrode you when you take damage.
 V - a +2 pair of gloves (worn)
 W - a +1 hat
Jewellery
 a - the ring "Qissey" (left hand) {Will+ Dex+6}
   (You bought it in a shop on level 2 of the Orcish Mines)

   [ring of willpower]

   Dex:       It affects your dexterity (+6).
   Will:      It increases your willpower.
 i - an amulet of magic regeneration
 t - a ring of see invisible
 v - the amulet "Weinwint" (around neck) {Acrobat rC+ Will- Str+2 Int+5}
   (You found it in a Gauntlet)

   [amulet of the acrobat]

   It increases your evasion while moving and waiting.
   Str:       It affects your strength (+2).
   Int:       It affects your intelligence (+5).
   rC:        It protects you from cold.
   Will:      It decreases your willpower.
 x - the ring of the Good (right hand) {Fire Int+5 Slay+3}
   (You found it on level 4 of the Lair of Beasts)

   [ring of fire]

   It enhances your fire magic.
   Int:       It affects your intelligence (+5).
   Slay:      It affects your accuracy & damage with ranged weapons and melee
   (+3).
   rF:        It protects you from fire.
   rC:        It makes you vulnerable to cold.
 I - a ring of positive energy
 Q - the amulet of Jenk {Acrobat rC+ Str+2}
   (You found it in the Desolation of Salt)

   [amulet of the acrobat]

   It increases your evasion while moving and waiting.
   Str:       It affects your strength (+2).
   rC:        It protects you from cold.
Wands
 d - a wand of charming (15)
 m - a wand of flame (68)
 n - a wand of acid (3)
 o - a wand of digging (5)
 G - a wand of paralysis (23)
 U - a wand of mindburst (13)
 Y - a wand of iceblast (47)
 Z - a wand of polymorph (12)
Scrolls
 k - 24 scrolls of teleportation
 w - 19 scrolls of identify
 z - 7 scrolls of fog
 D - 3 scrolls of summoning
 J - 4 scrolls of amnesia
 M - 5 scrolls of immolation
 R - 7 scrolls of fear
 S - 5 scrolls of blinking
 T - 10 scrolls of vulnerability
Potions
 c - 3 potions of curing
 e - 2 potions of heal wounds
 j - 5 potions of magic
 p - 5 potions of flight
 q - 4 potions of resistance
 r - 3 potions of lignification
 E - 4 potions of cancellation
 F - 4 potions of attraction
 H - a potion of ambrosia
 L - 4 potions of mutation
 N - 7 potions of might
 O - 7 potions of haste
 P - 4 potions of invisibility
Miscellaneous
 f - a box of beasts
 h - a tin of tremorstones (1/2)
 l - a phantom mirror
 A - a condenser vane (inert)
 C - a phial of floods
 X - a lightning rod (4/4)


   Skills:
 - Level 15.0 Fighting
 - Level 20.0 Bows
 - Level 15.0 Armour
 - Level 15.0 Dodging
 - Level 0.8 Stealth
 - Level 2.1 Spellcasting
 - Level 4.0 Conjurations
 - Level 4.0 Hexes
 - Level 2.0 Necromancy
 - Level 3.0 Translocations
 - Level 4.0 Transmutations
 - Level 4.0 Fire Magic
 - Level 4.0 Air Magic
 - Level 4.0 Poison Magic
 - Level 13.0 Invocations
 + Level 17.7 Evocations


You had 5 spell levels left.
You knew the following spells:

 Your Spells              Type           Power      Damage    Failure   Level
a - Animate Skeleton      Necr           24%        N/A       6%          1
b - Apportation           Tloc           32%        N/A       4%          1
c - Blink                 Tloc           N/A        N/A       6%          2
d - Mephitic Cloud        Conj/Pois/Air  21%        N/A       9%          3
e - Portal Projectile     Hex/Tloc       38%        N/A       10%         3
f - Ignite Poison         Fire/Tmut/Pois 32%        N/A       9%          3
g - Tukima's Dance        Hex            21%        N/A       9%          3
h - Inner Flame           Hex/Fire       32%        N/A       9%          3

Your spell library contained the following spells:

 Spells                   Type           Power      Damage    Failure   Level
 Beastly Appendage        Tmut           42%        N/A       2%          1
 Magic Dart               Conj           84%        1d7       2%          1
 Shock                    Conj/Air       84%        1d8       2%          1
 Poisonous Vapours        Pois/Air       42%        N/A       4%          2
 Slow                     Hex            21%        N/A       4%          2
 Wereblood                Tmut           21%        N/A       4%          2
 Corpse Rot               Necr/Air       32%        N/A       6%          2
 Dazzling Flash           Conj/Hex       42%        N/A       9%          3
 Spider Form              Tmut/Pois      10%        N/A       9%          3
 Ensorcelled Hibernation  Hex/Ice        24%        N/A       10%         2
 Sublimation of Blood     Necr           6%         N/A       10%         2
 Gell's Gravitas          Tloc           8%         N/A       12%         3
 Lesser Beckoning         Tloc           16%        N/A       12%         3
 Teleport Other           Tloc           16%        N/A       12%         3
 Summon Small Mammal      Summ           8%         N/A       14%         1
 Summon Guardian Golem    Hex/Summ       12%        N/A       19%         3
 Call Imp                 Summ           2%         N/A       22%         2
 Cause Fear               Hex            10%        N/A       26%         4
 Olgreb's Toxic Radiance  Pois           21%        N/A       26%         4
 Iskenderun's Mystic Bla  Conj/Tloc      19%        2d6       32%         4
 Call Canine Familiar     Summ           2%         N/A       38%         3
 Frozen Ramparts          Ice            4%         1d2       38%         3
 Ozocubu's Armour         Ice            2%         N/A       38%         3
 Passage of Golubria      Tloc           16%        N/A       38%         4
 Animate Dead             Necr           6%         N/A       52%         4
 Dispel Undead            Necr           12%        3d9       52%         4
 Ice Form                 Ice/Tmut       12%        N/A       52%         4
 Petrify                  Tmut/Erth      12%        N/A       52%         4
 Summon Lightning Spire   Summ/Air       12%        N/A       52%         4
 Alistair's Intoxication  Tmut/Pois      14%        N/A       58%         5
 Blade Hands              Tmut           10%        N/A       58%         5
 Fireball                 Conj/Fire      16%        3d8       58%         5
 Irradiate                Conj/Tmut      10%        3d17      58%         5
 Lightning Bolt           Conj/Air       10%        1d23      58%         5
 Silence                  Hex/Air        10%        N/A       58%         5
 Yara's Violent Unravell  Hex/Tmut       10%        3d6       58%         5
 Manifold Assault         Tloc           16%        N/A       75%         5
 Freezing Cloud           Conj/Ice/Air   7%         6-21      78%         5
 Animate Armour           Summ/Erth      4%         N/A       80%         4
 Summon Ice Beast         Ice/Summ       2%         N/A       80%         4
 Excruciating Wounds      Necr           6%         N/A       86%         5
 Borgnjor's Vile Clutch   Necr/Erth      3%         N/A       95%         5
 Conjure Ball Lightning   Conj/Air       10%        3x3d6     99%         6
 Dispersal                Tloc           8%         N/A       99%         6
 Eringya's Noxious Bog    Tmut/Pois      10%        N/A       99%         6
 Invisibility             Hex            10%        N/A       99%         6
 Starburst                Conj/Fire      16%        6d6       99%         6
 Death Channel            Necr           6%         N/A       100%        6
 Iron Shot                Conj/Erth      6%         9d2       100%        6
 Haunt                    Necr/Summ      3%         N/A       100%        7
 Orb of Destruction       Conj           10%        9d5       100%        7
 Spellforged Servitor     Conj/Summ      6%         N/A       100%        7
 Summon Hydra             Summ           1%         N/A       100%        7
 Disjunction              Tloc           8%         N/A       100%        8
 Infestation              Necr           6%         N/A       100%        8


Dungeon Overview and Level Annotations

Branches:
Dungeon (15/15)            Temple (0/1) D:6            Lair (6/6) D:9
  Swamp (4/4) Lair:2       Spider (4/4) Lair:2        Slime (0/5) Lair:6
    Orc (2/2) D:12            Elf (3/3) Orc:2        Vaults (3/5) D:14
 Depths (0/4) D:15          Sewer (visited)         Ossuary (visited)
Volcano (visited)         Desolation (visited)      Gauntlet (visited)
  Crypt: Vaults:2-3

Altars:
Ashenzari
Dithmenos
Gozag
Makhleb
Okawaru
Qazlal
Trog
Xom
Beogh

Shops:
D:5 (   D:14 *   D:15 *   Orc:1 *   Orc:2 [=?(   Elf:1 *   Elf:2 [   Vaults:2 (

Annotations:
D:3 2 transporters, DJNightmares's ghost, novice NaBe
Swamp:3 2 transporters, mdk's ghost, adept DECj
Spider:2 Roxanne
Elf:2 3 runed translucent doors
Elf:3 1 exclusion
Vaults:1 3 runed translucent doors, Lukheov's ghost, veteran DrWn


Innate Abilities, Weirdness & Mutations

You have a pair of large horns on your head.
Your demonic aura often causes spilled blood to erupt in flames.
You are powered by pain.
Your magical and physical power is slightly enhanced at high health.
When seriously injured, your bleeding wounds create very thick armour. (AC +12)


Message History

Aim: an ironbound convoker, wielding a +0 great mace and wearing a +0 scale mail (severely wounded, 82% to hit)
You shoot an arrow. The arrow hits the ironbound convoker!
The ironbound convoker is almost dead.
You feel very sick.
The sphinx is recalled.
The vault warden is recalled.
The vault sentinel is recalled.
A vault sentinel comes into view.
It is wielding a +0 long sword of electrocution.
The yaktaur captain shoots a bolt.
The bolt hits you but does no damage.
A vault warden comes into view. It is wielding a +3 vorpal war axe.
The vault warden hits you from afar with a +0 glaive of venom!!!
* * * LOW HITPOINT WARNING * * *
You focus on the pain.
You feel mightier all of a sudden.
The skeletal warrior completely misses you.
The ironbound convoker is engulfed in blazing flames.
You kill the ironbound convoker!
Makhleb accepts your kill.
You feel better.
A sphinx comes into view.
You take 31 damage, and have 21/168 hp.
You feel better.
The vault warden hits you from afar with a +0 glaive of venom!!
* * * LOW HITPOINT WARNING * * *
The skeletal warrior completely misses you.
You take 11 damage, and have 10/168 hp.
You feel much better.
The runic seals fade away.
The yaktaur captain unwields a +0 arbalest.
The yaktaur captain hits you but does no damage.
The vault sentinel blows a loud note on a signal horn!
The vault warden activates a sealing rune.
The skeletal warrior hits you with a +0 long sword!!
* * * LOW HITPOINT WARNING * * *
You focus on the pain.
You feel your power returning.
You regained 2 hp, and now have 12/168 hp.
MP restored: 30 You feel much better.
The vault warden hits you from afar with a +0 glaive of venom!
* * * LOW HITPOINT WARNING * * *
The yaktaur captain hits you!!
You die...

#............#############
#............# #
#######+######### #
#.........# #.........#
#.........# #...>.....#
#.☼.°.....# #(°@......#
###cp###+##


Hppz. #...(p.. #....).... #.!....... #.......() #........( You could see a
sphinx, 2 vault wardens, a yaktaur captain (strong), a skeletal warrior
(strong), a vault sentinel (catching breath) and an ironbound convoker (catching
breath).

Vanquished Creatures
  Bai Suzhen (Swamp:3)
  Nikola (Swamp:1)
  Arachne (Spider:1)
  2 tentacled monstrosities
  Jorgrun (D:15)
  3 deep elf blademasters (Elf:3)
  A deep elf master archer (Elf:3)
  A sphinx (Vaults:2)
  A thorn hunter (Swamp:3)
  Gastronok (D:12)
  A fenstrider witch (Swamp:2)
  A fire giant (D:15)
  5 deep elf sorcerers
  Aizul (Swamp:3)
  2 orc warlords
  8 ghost moths
  6 vault wardens
  An imperial myrmidon (Desolation)
  3 emperor scorpions
  4 deep elf elementalists
  8 ironbound preservers
  A war gargoyle (Vaults:3)
  3 very ugly things (Swamp:4)
  6 deep elf demonologists (Elf:3)
  2 bunyips
  9 deep elf annihilators
  2 spark wasps (Spider:4)
  2 entropy weavers
  7 dire elephants
  A halazid warlock (Desolation)
  2 green deaths (Swamp:4)
  4 crystal guardians
  6 ragged hierophants (Desolation)
  8 deep elf death magi (Elf:3)
  An eleionoma (Swamp:3)
  8 yaktaur captains
  A great orb of eyes (Vaults:2)
  10 deep elf high priests
  5 vault guards
  2 ironbound thunderhulks
  6 peacekeepers
  8 servants of whispers (Desolation)
  4 boulder beetles
  4 ogre magi
  16 hydras
  2 ghost crabs
  7 ironbound frosthearts
  A catoblepas (D:14)
  A death knight (D:14)
  15 centaur warriors
  8 alligators
  A two-headed ogre (shapeshifter) (D:13)
  Erica (D:9)
  19 dancing weapons
  16 two-headed ogres
  A death yak (Lair:4)
  Nergalle (Lair:1)
  20 deep elf knights
  5 swamp dragons
  5 goliath frogs
  3 spriggan druids
  16 deep trolls
  A large abomination (Swamp:4)
  5 bog bodies
  17 deep elf archers
  8 lindwurms
  10 ironbound convokers
  6 wizards
  3 orc knights
  43 deep elf pyromancers
  13 orb spiders
  29 wolf spiders
  2 orc sorcerers
  41 deep elf zephyrmancers
  4 will-o-the-wisps
  3 moths of wrath
  9 black mambas
  37 ugly things
  Joseph (D:9)
  5 cyclopes
  3 manticores
  An apocalypse crab (Gauntlet)
  A black mamba (shapeshifter) (D:14)
  16 elephants
  8 vault sentinels
  5 torpor snails
  An orange demon (Swamp:4)
  4 guardian serpents (Desolation)
  22 cane toads
  A molten gargoyle (Desolation)
  A gargoyle (D:13)
  An unseen horror (D:13)
  2 rime drakes
  9 demonic crawlers
  7 komodo dragons
  12 yaktaurs
  4 freezing wraiths
  A steam dragon (D:4)
  A red devil (Volcano)
  29 jumping spiders
  19 tyrant leeches
  5 trolls
  15 hornets
  53 saltlings
  40 slime creatures
  37 blink frogs
  Prince Ribbit (D:8)
  4 dream sheep (Lair:6)
  9 flying skulls (Gauntlet)
  5 shadows
  4 wraiths
  4 air elementals
  7 spriggans
  A water elemental (Elf:1)
  Sigmund (D:4)
  80 redbacks
  2 wyverns
  47 yaks
  33 tarantellas
  A fire elemental (Elf:1)
  A human (shapeshifter) (D:14)
  13 vampire mosquitoes
  4 basilisks
  Menkaure (D:7)
  Edmund (D:5)
  9 wargs
  4 acid dragons
  9 water moccasins
  17 swamp worms
  A swamp drake (Swamp:2)
  An ice beast (D:7)
  14 orc warriors
  A sky beast (D:8)
  2 necrophages
  13 wolves
  A boggart (Vaults:1)
  17 ogres
  9 centaurs
  A phantom (D:6)
  A kobold brigand (Sewer)
  17 bullfrogs
  5 elf zombies (Ossuary)
  A gnoll sergeant (D:7)
  2 earth elementals
  4 scorpions
  16 wights
  4 killer bees
  8 howler monkeys
  An electric eel (Spider:4)
  10 centaur zombies
  A hound (D:5)
  5 jellies
  A bullfrog skeleton (D:6)
  A bullfrog zombie (D:6)
  9 orc priests
  2 human zombies (Ossuary)
  Ijyb (D:3)
  3 iguanas
  A scorpion zombie (D:5)
  Natasha (thrice) (D:4)
  18 orc wizards
  5 hell rats (Lair:6)
  2 killer bee zombies
  A hound skeleton (D:5)
  3 mummies (Ossuary)
  2 howler monkey zombies
  3 gnolls (D:2)
  11 adders
  3 river rats
  2 shadow imps
  2 white imps (D:5)
  3 worms (D:9)
  3 dart slugs
  54 orcs
  5 endoplasms
  A giant cockroach (D:4)
  10 goblins
  7 hobgoblins
  4 jackals (D:3)
  3 quokkas
  11 ball pythons
  6 bats
  5 frilled lizards
  21 kobolds
  30 rats
1457 creatures vanquished.

Vanquished Creatures (collateral kills)
  Rupert (Orc:2)
  A minotaur (Gauntlet)
  An ogre mage (Orc:2)
  A boulder beetle (D:13)
  5 two-headed ogres (Orc:2)
  A wolf spider (Spider:1)
  A smoke demon (Volcano)
  A shadow (Swamp:4)
  5 ogres (Orc:2)
  A wyvern zombie (D:4)
  Robin (D:4)
  2 orcs (Orc:2)
  A ball python (D:4)
  6 goblins (D:4)
  4 hobgoblins (D:4)
32 creatures vanquished.

Vanquished Creatures (others)
  A centaur warrior (D:15)
  A deep elf knight (Elf:2)
  A spriggan druid (Swamp:3)
  A deep elf zephyrmancer (Elf:2)
  3 bloated husks
  A saltling (Desolation)
  A redback (Spider:1)
  An orc priest (D:7)
  An adder (D:4)
  An orc (D:4)
  A briar patch (Swamp:3)
  4 bushes (Lair:6)
  2 foxfires (Swamp:2)
  77 fungi
  158 plants
  A withered plant (Gauntlet)
255 creatures vanquished.

Grand Total: 1744 creatures vanquished

Notes
Turn   | Place    | Note
-------+----------+-------------------------------------------
     0 | D:1      | jasper the Demonspawn Artificer began the quest for the
                  | Orb.
     0 | D:1      | Reached XP level 1. HP: 15/15 MP: 1/1
    37 | D:1      | Reached skill level 1 in Dodging
   471 | D:1      | Gained mutation: You sometimes gain a little power by
                  | taking damage. [demonic ancestry]
   471 | D:1      | Reached XP level 2. HP: 21/21 MP: 2/2
  1239 | D:2      | Gained mutation: You sometimes gain power by taking damage.
                  | [demonic ancestry]
  1239 | D:2      | Reached XP level 3. HP: 27/27 MP: 3/3
  1605 | D:2      | Gained mutation: You have a pair of small horns on your
                  | head. [demonic ancestry]
  1605 | D:2      | Reached XP level 4. HP: 34/34 MP: 4/4
  2015 | D:2      | Found a faded altar of an unknown god.
  2644 | D:3      | Found a burning altar of Makhleb.
  2725 | D:3      | Became a worshipper of Makhleb the Destroyer
  2846 | D:3      | Noticed Ijyb
  2862 | D:3      | Killed Ijyb
  2900 | D:3      | Noticed an ogre
  3063 | D:3      | Reached XP level 5. HP: 36/40 MP: 5/5
  3421 | D:3      | Noticed DJNightmares's ghost (novice NaBe)
  3422 | D:3      | Noticed an ogre
  3425 | D:3      | Found a transporter.
  3429 | D:3      | Found a transporter.
  3693 | D:4      | Reached skill level 1 in Invocations
  3919 | D:4      | Noticed Robin
  3967 | D:4      | Noticed an ogre
  3972 | D:4      | Noticed a steam dragon
  3972 | D:4      | an ogre changed into a steam dragon
  3995 | D:4      | Killed Robin
  4036 | D:4      | Killed a steam dragon
  4037 | D:4      | Reached XP level 6. HP: 11/47 MP: 6/8
  4387 | D:4      | Noticed Natasha
  4392 | D:4      | Killed Natasha
  4396 | D:4      | Noticed Sigmund
  4404 | D:5      | Entered Level 5 of the Dungeon
  4545 | D:5      | Identified the +2 cloak "Dorcher" {*Corrode +Blink rPois
                  | Dex+7}
  4582 | D:5      | Reached * piety under Makhleb
  4659 | D:5      | Reached XP level 7. HP: 48/53 MP: 9/9
  4964 | D:5      | Found a sand-covered staircase.
  4976 | Ossuary  | Entered an ossuary
  5294 | Ossuary  | Reached skill level 5 in Invocations
  5294 | Ossuary  | Reached XP level 8. HP: 61/61 MP: 11/11
  5325 | Ossuary  | Reached skill level 5 in Fighting
  5465 | Ossuary  | Identified a scroll of acquirement
  5465 | Ossuary  | Acquired a manual of Bows
  5521 | D:4      | Killed Sigmund
  5522 | D:4      | Reached skill level 5 in Armour
  5785 | D:4      | Noticed Natasha
  5797 | D:4      | Killed Natasha
  5879 | D:4      | Noticed Natasha
  5886 | D:4      | Killed Natasha
  6241 | D:5      | Found an iron altar of Okawaru.
  6317 | D:5      | Found Lutuff's Antique Weapon Boutique.
  6342 | D:5      | Noticed Edmund
  6357 | D:5      | Killed Edmund
  6358 | D:5      | Reached skill level 5 in Dodging
  6907 | D:6      | Reached ** piety under Makhleb
  7067 | D:6      | Found a staircase to the Ecumenical Temple.
  7084 | D:6      | Found a glowing drain.
  7101 | Sewer    | Entered a sewer
  7617 | Sewer    | Reached *** piety under Makhleb
  7717 | D:6      | Gained mutation: Your demonic aura sometimes causes spilled
                  | blood to erupt in flames. [demonic ancestry]
  7717 | D:6      | Reached XP level 9. HP: 69/69 MP: 14/14
  7807 | D:6      | Found a stormy altar of Qazlal.
  7891 | D:6      | Reached skill level 1 in Bows
  7900 | D:6      | Found a shadowy altar of Dithmenos.
  7908 | D:6      | Reached skill level 2 in Bows
  7923 | D:6      | Reached skill level 3 in Bows
  8188 | D:7      | Reached skill level 4 in Bows
  8229 | D:6      | Reached skill level 5 in Bows
  8461 | D:7      | Reached skill level 6 in Bows
  8501 | D:6      | Reached skill level 7 in Bows
  8590 | D:7      | Reached skill level 8 in Bows
  8896 | D:7      | Noticed Menkaure
  8903 | D:7      | Killed Menkaure
  9022 | D:7      | Reached skill level 9 in Bows
  9036 | D:7      | Noticed a red ugly thing
  9244 | D:8      | Reached skill level 10 in Bows
  9285 | D:8      | Reached **** piety under Makhleb
  9348 | D:8      | Gained mutation: Your demonic aura often causes spilled
                  | blood to erupt in flames. [demonic ancestry]
  9348 | D:8      | Reached XP level 10. HP: 53/76 MP: 15/15
  9627 | D:8      | Reached skill level 11 in Bows
 10222 | D:8      | Noticed Prince Ribbit
 10242 | D:8      | Killed Prince Ribbit
 10243 | D:8      | Reached skill level 12 in Bows
 10308 | D:8      | Found a broken altar of Ashenzari.
 10708 | D:5      | Bought a scorched scimitar for 279 gold pieces
 10708 | D:5      | Identified the +1 scimitar "Earthworm" {vorpal, rN+ Str+4}
                  | (You bought it in a shop on level 5 of the Dungeon)
 11130 | D:7      | Killed a red ugly thing
 11356 | D:7      | Noticed a cyclops
 11376 | D:7      | Killed a cyclops
 11422 | D:7      | Reached skill level 13 in Bows
 11510 | D:7      | Noticed a two-headed ogre
 11520 | D:7      | Noticed a deep elf pyromancer
 11523 | D:7      | Killed a two-headed ogre
 11536 | D:7      | Killed a deep elf pyromancer
 12134 | D:9      | Noticed a two-headed ogre
 12168 | D:9      | Killed a two-headed ogre
 12169 | D:9      | Reached skill level 14 in Bows
 12169 | D:9      | Reached XP level 11. HP: 35/81 MP: 16/16
 12512 | D:9      | Found a staircase to the Lair.
 12612 | D:9      | Noticed Erica
 12631 | D:9      | Killed Erica
 12771 | D:9      | Noticed a two-headed ogre
 12830 | D:9      | Killed a two-headed ogre
 13279 | D:9      | Found a bloodstained altar of Trog.
 13501 | D:9      | Noticed Joseph
 13527 | D:9      | Killed Joseph
 13624 | D:9      | Found a shimmering altar of Xom.
 13625 | D:9      | Found a shimmering altar of Xom.
 13626 | D:9      | Found a shimmering altar of Xom.
 13629 | D:9      | Found a shimmering altar of Xom.
 13630 | D:9      | Found a shimmering altar of Xom.
 13630 | D:9      | Found a shimmering altar of Xom.
 13825 | D:10     | Entered Level 10 of the Dungeon
 14621 | D:10     | Found an opulent altar of Gozag.
 14860 | D:10     | Noticed a two-headed ogre
 14871 | D:10     | Killed a two-headed ogre
 15064 | D:10     | Noticed a two-headed ogre
 15089 | D:10     | Killed a two-headed ogre
 15221 | D:10     | Identified the ring "Quacuc" {MP+9 Stlth+}
 16029 | D:11     | Noticed a two-headed ogre
 16042 | D:11     | Killed a two-headed ogre
 16146 | Lair:1   | Entered Level 1 of the Lair of Beasts
 16413 | Lair:1   | Reached XP level 12. HP: 76/92 MP: 19/19
 16903 | Lair:1   | Noticed Nergalle
 16930 | Lair:1   | Killed Nergalle
 17622 | Lair:2   | Found the +9 staff of Wucad Mu {*channel}
 17672 | Lair:2   | Reached skill level 10 in Invocations
 17824 | Lair:2   | Noticed a seven-headed hydra
 17828 | Lair:2   | Killed a seven-headed hydra
 18531 | Lair:2   | Identified the +8 lajatang of Gypocw {drain, rC+ Will+}
 18591 | Lair:2   | Found a hole to the Spider Nest.
 18909 | Lair:2   | Found a staircase to the Swamp.
 19188 | Lair:2   | Noticed a six-headed hydra
 19208 | Lair:2   | Killed a six-headed hydra
 19493 | Lair:3   | Found a gate leading to a gauntlet.
 19497 | Gauntlet | Entered a Gauntlet
 19497 | Gauntlet | Found a transporter.
 19506 | Gauntlet | Found a transporter.
 19522 | Gauntlet | Found a transporter.
 19526 | Gauntlet | Found a transporter.
 19538 | Gauntlet | Found a transporter.
 19558 | Gauntlet | Found a transporter.
 19565 | Gauntlet | Noticed a cacodemon
 19568 | Gauntlet | Found a large runed translucent door.
 19569 | Gauntlet | Found a large runed translucent door.
 19570 | Gauntlet | Found a large runed translucent door.
 19571 | Gauntlet | Found a runed translucent gate.
 19572 | Gauntlet | Found a transporter.
 19572 | Gauntlet | Found a runed translucent gate.
 19573 | Gauntlet | Found a large runed translucent door.
 19573 | Gauntlet | Found a runed translucent gate.
 19574 | Gauntlet | Found a large runed translucent door.
 19574 | Gauntlet | Found a large runed translucent door.
 19575 | Gauntlet | Found a large runed translucent door.
 19576 | Gauntlet | Found a large runed translucent door.
 19585 | Gauntlet | Found a large runed translucent door.
 19585 | Gauntlet | Found a large runed translucent door.
 19585 | Gauntlet | Found a runed translucent door.
 19585 | Gauntlet | Found a runed translucent door.
 19586 | Gauntlet | Found a large runed translucent door.
 19587 | Gauntlet | Found a large runed translucent door.
 19589 | Gauntlet | Found a transporter.
 19593 | Gauntlet | Found a transporter.
 19596 | Gauntlet | Found a large runed translucent door.
 19596 | Gauntlet | Found a large runed translucent door.
 19602 | Gauntlet | Found a transporter.
 19629 | Gauntlet | Found a large runed translucent door.
 19629 | Gauntlet | Found a large runed translucent door.
 19630 | Gauntlet | Found a transporter.
 19630 | Gauntlet | Found a transporter.
 19664 | Gauntlet | Noticed a green death
 19753 | Gauntlet | Identified the amulet "Weinwint" {Acrobat rC+ Will- Str+2
                  | Int+5}
 20018 | Gauntlet | Noticed a minotaur
 20047 | Gauntlet | Killed a minotaur
 20575 | Lair:3   | Reached skill level 10 in Fighting
 20583 | Lair:3   | Noticed a five-headed hydra
 20587 | Lair:3   | Gained mutation: You are powered by pain. [demonic
                  | ancestry]
 20587 | Lair:3   | Reached XP level 13. HP: 102/103 MP: 20/20
 20775 | Lair:3   | Reached ***** piety under Makhleb
 21489 | Lair:4   | Identified the ring of the Good {Fire Int+5 Slay+3}
 21547 | Lair:4   | Reached skill level 10 in Armour
 21806 | Lair:4   | Acquired a manual of Dodging
 21827 | Lair:4   | Reached skill level 10 in Dodging
 22459 | Lair:5   | Identified the +3 scale mail "Tinn" {rPois}
 23945 | Lair:6   | Entered Level 6 of the Lair of Beasts
 24113 | Lair:6   | Gained mutation: When seriously injured, your bleeding
                  | wounds create armour. (AC +12) [demonic ancestry]
 24113 | Lair:6   | Reached XP level 14. HP: 108/114 MP: 21/21
 24921 | Lair:6   | Reached ****** piety under Makhleb
 26204 | Lair:6   | Found a staircase to the Slime Pits.
 26869 | Lair:6   | Found the +8 arc blade {discharge, rElec}
 27505 | D:12     | Found Tatwomm's Weapon Emporium.
 27505 | D:12     | Found a staircase to the Orcish Mines.
 27942 | D:12     | Noticed Gastronok
 27952 | D:12     | Killed Gastronok
 28241 | D:12     | Identified the +12 rapier of the Piercing Augurer {vorpal,
                  | Int+4}
 28510 | Orc:1    | Entered Level 1 of the Orcish Mines
 28616 | Orc:1    | Found a dark tunnel.
 28640 | Volcano  | Entered a volcano
 29793 | Orc:2    | Entered Level 2 of the Orcish Mines
 29793 | Orc:2    | Noticed an orc warlord
 29924 | Orc:2    | Killed an orc warlord
 29932 | Orc:2    | Gained mutation: When seriously injured, your bleeding
                  | wounds create thick armour. (AC +12) [demonic ancestry]
 29932 | Orc:2    | Reached XP level 15. HP: 90/122 MP: 24/24
 30254 | Orc:2    | Paralysed by an ogre mage for 7 turns
 30279 | Orc:2    | Noticed Rupert
 30288 | Orc:2    | Killed Rupert
 30289 | Orc:2    | Reached skill level 15 in Bows
 30316 | Orc:2    | Found Jysaira's Jewellery Emporium.
 30316 | Orc:2    | Found Geucraut's Weapon Shop.
 30317 | Orc:2    | Found Neus's Antique Armour Boutique.
 30317 | Orc:2    | Found Rereon's Magic Scroll Emporium.
 30342 | Orc:2    | Bought a scroll of teleportation for 33 gold pieces
 30342 | Orc:2    | Bought a scroll of fear for 38 gold pieces
 30342 | Orc:2    | Bought a scroll of teleportation for 33 gold pieces
 30342 | Orc:2    | Bought a scroll of teleportation for 33 gold pieces
 30342 | Orc:2    | Bought a scroll of blinking for 82 gold pieces
 30342 | Orc:2    | Bought a scroll of fog for 22 gold pieces
 30342 | Orc:2    | Bought a scroll of fear for 38 gold pieces
 30536 | Orc:2    | Found a staircase to the Elven Halls.
 30980 | Orc:1    | Found Gidi's Assorted Antiques.
 31003 | Orc:1    | Bought a pair of glowing gloves for 232 gold pieces
 31003 | Orc:1    | Bought a scroll of enchant armour for 232 gold pieces
 31003 | Orc:1    | Bought a jewelled ivory wand for 124 gold pieces
 31003 | Orc:1    | Bought a potion of curing for 93 gold pieces
 31003 | Orc:1    | Bought a potion of heal wounds for 155 gold pieces
 31634 | D:13     | Reached skill level 16 in Bows
 32859 | D:14     | Reached skill level 17 in Bows
 33200 | D:14     | Found a gate to the Vaults.
 33241 | D:14     | Found Mitwerr's General Store.
 33248 | D:14     | Bought a scroll of summoning for 152 gold pieces
 33248 | D:14     | Bought a potion of cancellation for 128 gold pieces
 33568 | D:15     | Entered Level 15 of the Dungeon
 34226 | D:15     | Noticed Jorgrun
 34243 | D:15     | Killed Jorgrun
 34562 | D:15     | Found Xumin's General Store.
 34571 | D:15     | Bought 2 potions of resistance for 340 gold pieces
 34571 | D:15     | Bought a scroll of teleportation for 51 gold pieces
 34571 | D:15     | Bought a scroll of teleportation for 51 gold pieces
 34639 | D:15     | Reached XP level 16. HP: 85/129 MP: 25/25
 34766 | D:15     | Found a stormy altar of Qazlal.
 34853 | D:15     | Found a staircase to the Depths.
 35498 | Spider:1 | Entered Level 1 of the Spider Nest
 35523 | Lair:2   | Reached skill level 18 in Bows
 36409 | Spider:1 | Identified the +3 leather armour "Guewka Vetsi" {Will+
                  | rCorr Str+4}
 36686 | Spider:1 | Learned a level 1 spell: Animate Skeleton
 36688 | Spider:1 | Learned a level 1 spell: Apportation
 36691 | Spider:1 | Learned a level 2 spell: Blink
 36695 | Spider:1 | Learned a level 3 spell: Mephitic Cloud
 36701 | Spider:1 | Learned a level 5 spell: Manifold Assault
 36944 | Spider:2 | Reached skill level 19 in Bows
 37066 | Spider:2 | Noticed Arachne
 37080 | Spider:1 | Killed Arachne
 39209 | Spider:2 | Identified Roxanne's Disquisition on the Mountains
 39209 | Spider:2 | Noticed Roxanne
 39642 | Spider:3 | Reached skill level 20 in Bows
 40504 | Spider:3 | Learned a level 3 spell: Ignite Poison
 41054 | Spider:4 | Entered Level 4 of the Spider Nest
 41431 | Spider:4 | Reached skill level 1 in Necromancy
 41718 | Spider:4 | Reached skill level 1 in Translocations
 41721 | Spider:4 | Reached skill level 1 in Conjurations
 41721 | Spider:4 | Gained mutation: Your magical and physical power is
                  | slightly enhanced at high health. [demonic ancestry]
 41721 | Spider:4 | Reached XP level 17. HP: 135/135 MP: 26/26
 41730 | Spider:4 | Reached skill level 1 in Poison Magic
 41921 | Spider:4 | Reached skill level 1 in Transmutations
 41921 | Spider:4 | Reached skill level 1 in Fire Magic
 41921 | Spider:4 | Reached skill level 1 in Air Magic
 43311 | Spider:4 | Got a gossamer rune of Zot
 43528 | Swamp:1  | Entered Level 1 of the Swamp
 43819 | Swamp:1  | Noticed Nikola
 43836 | Swamp:1  | Killed Nikola
 44575 | Lair:4   | Learned a level 3 spell: Portal Projectile
 44933 | Swamp:2  | Reached skill level 1 in Hexes
 45180 | Swamp:2  | Noticed a tentacled monstrosity
 45197 | Swamp:2  | Killed a tentacled monstrosity
 45823 | Swamp:3  | Noticed mdk's ghost (adept DECj)
 45938 | Swamp:3  | Noticed Bai Suzhen
 45953 | Swamp:3  | Killed Bai Suzhen
 46147 | Swamp:3  | Found a transporter.
 46157 | Swamp:3  | Noticed Aizul
 46181 | Swamp:3  | Killed Aizul
 46436 | Swamp:3  | Found a transporter.
 46687 | Swamp:3  | Identified the +5 dire flail of Xaajig {spect, rF+}
 46835 | Swamp:4  | Entered Level 4 of the Swamp
 46958 | Swamp:4  | Reached XP level 18. HP: 143/143 MP: 25/27
 47271 | Swamp:4  | Noticed a tentacled monstrosity
 47279 | Swamp:4  | Killed a tentacled monstrosity
 47653 | Swamp:4  | Got a decaying rune of Zot
 47812 | Elf:1    | Entered Level 1 of the Elven Halls
 47853 | Orc:2    | Bought the ring "Qissey" {Will+ Dex+6} for 579 gold pieces
 47951 | Elf:1    | Reached skill level 15 in Dodging
 48683 | Elf:1    | Learned a level 3 spell: Tukima's Dance
 48825 | Elf:1    | Found Cohuut's General Store.
 48837 | Elf:1    | Bought a scroll of teleportation for 54 gold pieces
 48837 | Elf:1    | Bought a box of beasts for 720 gold pieces
 48837 | Elf:1    | Bought a potion of invisibility for 144 gold pieces
 48837 | Elf:1    | Bought a scroll of magic mapping for 63 gold pieces
 49036 | Elf:2    | Found Tihoint's Armour Emporium.
 49108 | Elf:2    | Paralysed by an air elemental for 1 turns
 49123 | Elf:2    | Reached skill level 15 in Fighting
 49126 | Elf:2    | Paralysed by an air elemental for 1 turns
 49456 | Elf:2    | Found a crumbling gateway.
 49487 | Elf:2    | Gained mutation: When seriously injured, your bleeding
                  | wounds create very thick armour. (AC +12) [demonic
                  | ancestry]
 49487 | Elf:2    | Reached XP level 19. HP: 151/155 MP: 28/28
 49523 | Desolati | Entered the Desolation of Salt
 49753 | Desolati | Reached skill level 15 in Armour
 50180 | Desolati | Got the Handbook of Dislocated Feathers
 50199 | Desolati | Got Hesium's Compendium of Ensnaring Dislocation
 50203 | Desolati | Got the Guide on Air and Clay
 50351 | Desolati | Reached skill level 5 in Evocations
 50513 | Desolati | HP: 1/138 [halazid warlock/ghostly fireball (60)]
 50747 | Desolati | Identified the amulet of Jenk {Acrobat rC+ Str+2}
 50977 | Desolati | Got the Guide on Congealing Evil
 50979 | Desolati | Got the Handbook of Hexes
 50983 | Desolati | Got the Grimoire of Poisoning
 51021 | Desolati | Reached skill level 1 in Spellcasting
 51251 | Desolati | Learned a level 3 spell: Inner Flame
 51521 | Elf:2    | Found a runed translucent gate.
 51523 | Elf:2    | Found a runed translucent gate.
 51526 | Elf:2    | Found a runed translucent gate.
 51820 | Elf:3    | Entered Level 3 of the Elven Halls
 52107 | Elf:3    | Got Goseix's Handbook of Battle Magic
 52138 | Elf:3    | Reached skill level 10 in Evocations
 52435 | Elf:3    | Noticed a Tzitzimitl
 53390 | Elf:3    | Identified the +9 war axe "Ihithaf" {vorpal, rN+ Dex+4
                  | Stlth-}
 53395 | Elf:3    | Identified the +1 plate armour of Dixanax {-Tele rC- Regen+
                  | Int+8}
 53399 | Elf:3    | Identified the +9 short sword "Arbiter" {pain, Will+ Str+3}
 53769 | Elf:3    | Gained mutation: You have a pair of horns on your head.
                  | [demonic ancestry]
 53769 | Elf:3    | Reached XP level 20. HP: 126/162 MP: 29/29
 54030 | Elf:3    | Identified the +5 whip of Mutilation {flame, rPois rF- rC++
                  | Stlth+}
 54273 | Elf:3    | Found the +6 shillelagh "Devastator" {shatter}
 54282 | Elf:3    | Got Silieppo's Handbook of the Escort
 54348 | Elf:3    | Got the Papyrus of Execration
 54352 | Elf:3    | Identified the +9 hand crossbow "Huapnu" {freeze, rC+
                  | Int+4}
 54836 | Vaults:1 | Entered Level 1 of the Vaults
 54933 | Vaults:1 | Found a runed translucent gate.
 54933 | Vaults:1 | Found a runed translucent gate.
 54934 | Vaults:1 | Found a runed translucent gate.
 54942 | Vaults:1 | Noticed Lukheov's ghost (veteran DrWn)
 56227 | Vaults:1 | Found an iron altar of Okawaru.
 56618 | Vaults:2 | Reached skill level 15 in Evocations
 57001 | Vaults:2 | Found Bozal's Antique Weapon Shop.
 58016 | Vaults:2 | Got the Catalogue of Dislocation
 58330 | Vaults:3 | Got the Incunabulum of Harmful Toxins
 58827 | Vaults:3 | Gained mutation: You have a pair of large horns on your
                  | head. [demonic ancestry]
 58827 | Vaults:3 | Reached XP level 21. HP: 136/164 MP: 30/30
 59126 | Vaults:3 | Mangled by a yaktaur captain

Illustrated notes

Levels and vault maps discovered:
D:1:      zaba_arrival_water, layout_loops_ring
D:2:      layout_loops_ring, hellmonk_ecumenical_altar_inner_sanctum,
          dk_noncrumbling_3
D:3:      wander_river, layout_loops_ring, mainiacjoe_overflow_paths,
          gammafunk_ghost_smash, serial_glass, glass_columns_a, glass_columns_a,
          item_on_display_a, minmay_strange_pillars, uniq_ijyb
D:4:      layout_basic, grunt_ministairs_2, minivault_19, uniq_robin,
          uniq_natasha, uniq_sigmund
D:5:      layout_gridville, okawaru_metal_pillars_3, enter_ossuary_1,
          serial_shops, nicolae_shop_behind_doors, uniq_edmund
D:6:      layout_basic, mainiacjoe_overflow_catch_the_wave,
          minmay_temple_entry_grid, portal_sewer_entry_c
D:7:      minmay_the_grid_octo_triangle [minmay_the_grid_octo_fan_narrow,
          minmay_the_grid_octo_prize_single_spiral,
          minmay_the_grid_octo_clover], layout_loops_ring, uniq_menkaure
D:8:      layout_loops_corners, nicolae_ashenzari_skybound, uniq_prince_ribbit1
D:9:      layout_stronghold, tgw_trog, xom_redecorated, lair_entry_dummy,
          uniq_erica, uniq_joseph
D:10:     layout_basic, kennysheep_mini_moat
D:11:     layout_roguey
D:12:     layout_stronghold, orc_david_3, minmay_stone_trees_small,
          uniq_gastronok
D:13:     layout_grid_maze
D:14:     layout_stronghold, david_vaults_2, serial_shops,
          kennysheep_little_box, roderic_malta_cross
D:15:     grunt_enter_depths_giant_problem, layout_irregular_city,
          nicolae_qazlal_scattered_showers, serial_shops, nicolae_diamond_shop,
          uniq_jorgrun
Lair:1:   layout_layer_cave, infiniplex_staircase_pool, lemuel_fruit_tree,
          grunt_megastairs_2, uniq_nergalle
Lair:2:   layout_small_grid, minmay_swamp_entry_worms, spider_nest_entry_webs,
          grunt_forest_small_clearings
Lair:3:   layout_roguey, gauntlet_entry_generic, beast_lair_carwin_11,
          grunt_megastairs_5
Lair:4:   layout_loops_ring, serial_bayou_shore_b, grunt_megastairs_4
Lair:5:   layout_concentric_octagons
Lair:6:   minmay_lair_end_frog_pond, layout_loops_ring,
          nicolae_slime_entry_slimehenge
Swamp:1:  layout_falls_marsh, nicolae_swamp_little_tower, uniq_nikola
Swamp:2:  layout_falls_marsh, hangedman_swamp_pad, worms_lemuel
Swamp:3:  layout_falls_marsh, gammafunk_ghost_arena,
          evilmike_swamp_ruin_house_3, uniq_bai_suzhen, uniq_aizul
Swamp:4:  swamp_vile, layout_basic_swamp
Spider:1: layout_spider_delve
Spider:2: layout_spider_delve, uniq_arachne, uniq_roxanne
Spider:3: layout_spider_delve
Spider:4: spider_rune_water, hangedman_spider_tarantella_strand
Orc:1:    cheibrodos_orc_guarddog, layout_diamond_mine, serial_shops,
          shop_coins, nicolae_volcano_entry_vermiform
Orc:2:    st_orc_ogre_mass, layout_caves, basic_altar, uniq_rupert
Elf:1:    eino_elf_arrival_the_gate, layout_gridlike, serial_shops,
          nicolae_shop_window_shopping, hangedman_elf_represent
Elf:2:    nicolae_elf_blades_crystal_corner, layout_geoelf_diagonals,
          portal_desolation_entry_nicolae_nacl, serial_shops,
          nicolae_shop_competitors_out_of_business,
          nicolae_elf_blasts_and_bolts, uniq_louise
Elf:3:    minmay_elf_hall_not_hex, layout_rooms, minmay_elf_annihilation
Vaults:1: gammafunk_ghost_fury_of_okawaru, st_cells, v_pattern_2,
          layout_vaults_omnigrid
Vaults:2: vaults_mumra_chevron_long, nicolae_vaults_c_with_doors,
          nicolae_vaults_rhombus_5, nicolae_vaults_network_square,
          nicolae_vaults_yaktaur_gun_rack, v_misc_10, v_misc_14, v_misc_2,
          v_misc_29, v_misc_2, vaults_dpeg_encased_lava, layout_vaults_ring,
          serial_shops, shop
Vaults:3: gammafunk_ghost_crypt, nicolae_vaults_display_case,
          nicolae_vaults_little_ls, hangedman_vaults_maws, v_alt_pattern_1,
          minmay_crypt_entry_skeletal_spiral, vaults_dpeg_cross,
          ontoclasm_vaults_idyll, nicolae_vaults_puzzle_piece, v_misc_27,
          nicolae_vaults_little_squares_3, ontoclasm_vaults_bender, v_misc_3,
          grunt_vaults_twisty, v_misc_19, nicolae_vaults_little_squares_6,
          layout_vaults_omnibox, uniq_sojobo

Skill      XL: |  1  2  3  4  5  6  7  8  9 10 11 12 13 14 15 16 17 18 19 20 |
---------------+-------------------------------------------------------------+-----
Dodging        | 1 2 3 4 5 7 9 11 13 14 15 | 15.0
Armour         | 2 3 4 5 7 9 11 12 14 15 | 15.0
Fighting       | 2 3 4 6 7 10 11 12 13 15 | 15.0
Invocations    | 2 3 5 6 7 9 10 12 13 | 13.0
Bows           | 10 14 17 20 | 20.0
Necromancy     | 1 2 |  2.0
Translocations | 1 3 |  3.0
Conjurations   | 1 4 |  4.0
Poison Magic   | 4 |  4.0
Transmutations | 4 |  4.0
Fire Magic     | 4 |  4.0
Air Magic      | 4 |  4.0
Hexes          | 4 |  4.0
Evocations     | 12 17 | 17.7
Spellcasting   | 2 |  2.1
Stealth        | |  0.8

Action                   |  1- 3 |  4- 6 |  7- 9 | 10-12 | 13-15 | 16-18 | 19-21 || total
-------------------------+-------+-------+-------+-------+-------+-------+-------++-------
Melee: Club              |    11 |       |       |       |       |       |       ||    11
       Whip              |    16 |       |       |       |       |       |       ||    16
       Dagger            |       |    47 |   145 |   260 |    74 |       |       ||   526
       Headbutt          |       |    16 |   137 |   100 |   120 |    54 |       ||   427
       Flail             |       |     7 |   117 |       |       |       |       ||   124
       Rapier            |       |     6 |   198 |     9 |   159 |   164 |       ||   536
       Lajatang          |       |       |       |    76 |   158 |       |       ||   234
       Scimitar          |       |       |       |       |     6 |       |       ||     6
       Hunting sling     |       |       |       |       |     1 |       |       ||     1
       Longbow           |       |       |       |       |       |     1 |       ||     1
 Fire: Hunting sling     |    94 |   123 |   148 |   271 |   986 |    27 |       ||  1649
       Shortbow          |       |       |    34 |   229 |     8 |       |       ||   271
       Longbow           |       |       |       |       |    60 |  1149 |  1014 ||  2223
       Fustibalus        |       |       |       |       |       |    13 |       ||    13
Throw: Stone             |       |       |     2 |       |     2 |       |       ||     4
       Dart              |       |       |       |     6 |       |       |       ||     6
 Cast: Apportation       |       |       |       |       |       |    34 |     7 ||    41
       Animate Skeleton  |       |       |       |       |       |     5 |     3 ||     8
       Blink             |       |       |       |       |       |     2 |       ||     2
       Portal Projectile |       |       |       |       |       |     5 |     5 ||    10
       Inner Flame       |       |       |       |       |       |       |     3 ||     3
       Mephitic Cloud    |       |       |       |       |       |       |     1 ||     1
Invok: Lesser Servant of |       |       |       |     3 |       |       |       ||     3
       Greater Servant o |       |       |       |       |     4 |     1 |       ||     5
Evoke: Wand              |     4 |    18 |     7 |     3 |       |     4 |     1 ||    37
       Piece from Xom's  |       |       |     2 |       |       |       |       ||     2
       Phial of floods   |       |       |       |     1 |       |       |       ||     1
       Condenser vane    |       |       |       |       |     1 |     4 |     3 ||     8
       Lightning rod     |       |       |       |       |       |       |     4 ||     4
       Box of beasts     |       |       |       |       |       |       |     1 ||     1
       Tin of tremorston |       |       |       |       |       |       |     1 ||     1
  Use: Scroll            |     2 |     1 |    11 |    14 |    12 |     9 |     4 ||    53
       Potion            |       |     3 |       |     4 |     3 |     9 |     6 ||    25
 Stab: Paralysed         |       |       |    16 |     5 |       |       |       ||    21
       Invisible         |       |       |       |     1 |       |       |       ||     1
       Distracted        |       |       |       |       |     1 |       |       ||     1
       Confused          |       |       |       |       |       |     1 |       ||     1
       Held in net/web   |       |       |       |       |       |     1 |       ||     1
Armor: Leather armour    |    27 |       |       |       |       |       |       ||    27
       Scale mail        |       |    37 |       |    58 |       |       |       ||    95
       Chain mail        |       |    49 |   413 |    88 |   130 |       |       ||   680
       Acid dragon scale |       |       |       |   182 |   404 |   431 |   128 ||  1145
Dodge: Dodged            |    45 |    80 |   293 |   427 |  1151 |  1018 |   350 ||  3364

Table legend: (Time is in decaauts)
 A = Elapsed time spent in this place.
 B = Non-inter-level travel time spent in this place.
 C = Inter-level travel time spent in this place.
 D = Time resting spent in this place.
 E = Time spent auto-exploring this place.
 F = Levels seen in this place.
 G = Mean time per level.
                   A        B        C        D        E       F      G
               +--------+--------+--------+--------+--------+-----+--------+
         Total |  59389 |  56129 |   3260 |  13964 |  31080 |  42 | 1414.0 |
       Dungeon |  20769 |  19247 |   1522 |   3116 |  12411 |  15 | 1384.6 |
          Lair |  11192 |  10692 |    500 |   2394 |   6348 |   6 | 1865.3 |
         Swamp |   4219 |   4034 |    185 |   1069 |   2183 |   4 | 1054.8 |
   Spider Nest |   7622 |   7417 |    205 |   3770 |   2713 |   4 | 1905.5 |
  Orcish Mines |   2413 |   2024 |    389 |    411 |   1048 |   2 | 1206.5 |
   Elven Halls |   4892 |   4663 |    229 |   1516 |   2057 |   3 | 1630.7 |
        Vaults |   4143 |   3916 |    227 |    593 |   2653 |   3 | 1381.0 |
         Sewer |    626 |    626 |      0 |    118 |    184 |   1 |  626.0 |
       Ossuary |    531 |    531 |      0 |      0 |    288 |   1 |  531.0 |
       Volcano |    436 |    436 |      0 |     71 |    270 |   1 |  436.0 |
    Desolation |   1681 |   1681 |      0 |    720 |    556 |   1 | 1681.0 |
      Gauntlet |    859 |    859 |      0 |    184 |    368 |   1 |  859.0 |
               +--------+--------+--------+--------+--------+-----+--------+

Top non-repeatable levels by time:
  Lair:6: 3255 daAuts
  Lair:2: 2303 daAuts
   Elf:3: 2264 daAuts
Spider:4: 2067 daAuts
Spider:1: 1990 daAuts
Spider:2: 1897 daAuts
Vaults:2: 1862 daAuts
     D:9: 1833 daAuts
     D:7: 1828 daAuts
  Lair:5: 1822 daAuts
    D:15: 1700 daAuts
Desolation: 1681 daAuts
    D:10: 1680 daAuts
Spider:3: 1666 daAuts
     D:8: 1621 daAuts
